 Dungeon Crawl Stone Soup version 0.28-a0-819-g6ef7baa362 (webtiles) character file.

Game seed: 16175960113481631846

105 croobank the Insei (level 4, -1/28 HPs)
             Began as an Octopode Transmuter on Nov 8, 2021.
             Splashed by a jelly's acid (8 damage)
             ... on level 3 of the Dungeon.
             The game lasted 00:06:45 (2370 turns).

croobank the Insei (Octopode Transmuter)            Turns: 2370, Time: 00:06:48

Health: -1/28      AC: -11   Str: 10    XL:     4   Next: 83%
Magic:  7/7        EV: 13    Int: 15    God:
Gold:   71         SH:  0    Dex: 12    Spells: 4/7 levels left

rFire   . . .      SeeInvis .     - Unarmed
rCold   . . .      Faith    .   (no shield)
rNeg    . . .      Spirit   .   (helmet restricted)
rPois   .          Reflect  .   (no amulet)
rElec   .          Harm     .   (no ring)
rCorr   .          Rampage  .   (no ring)
Will    .....                   (no ring)
Stlth   +++.......              (no ring)
HPRegen 0.09/turn               (no ring)
MPRegen 0.10/turn               (no ring)
                                (no ring)
                                (no ring)

@: corroded
A: almost no armour, amphibious, 8 rings, camouflage 1, gelatinous body 1,
(nimble swimmer 1), tentacles
a: no special abilities


You were on level 3 of the Dungeon.
You visited 1 branch of the dungeon, and saw 3 of its levels.

You collected 71 gold pieces.

Inventory:

Hand Weapons
 b - a +0 dagger
 d - a +0 hand axe
 e - a +0 short sword
 g - a +0 falchion
 l - a +4 quarterstaff of chaos
Missiles
 a - 20 arrows
 c - 100 stones
 h - 19 bolts
 k - 8 poisoned darts
Potions
 f - a potion of cancellation {unknown}
 i - a potion of might
 j - a potion of mutation


   Skills:
 + Level 1.1 Fighting
 + Level 2.4 Dodging
 + Level 2.8 Stealth
 + Level 4.2 Unarmed Combat
 + Level 2.1 Spellcasting
 + Level 2.4 Transmutations


You had 4 spell levels left.
You knew the following spells:

 Your Spells              Type           Power      Damage    Failure   Level
a - Beastly Appendage     Tmut           16%        N/A       9%          1
b - Wereblood             Tmut           8%         N/A       12%         2

Your spell library contained the following spells:

 Spells                   Type           Power      Damage    Failure   Level
 Slow                     Hex            4%         N/A       22%         1
 Spider Form              Tmut/Pois      5%         N/A       36%         3
 Confusing Touch          Hex            1%         N/A       54%         3
 Vampiric Draining        Necr           1%         2d6       54%         3
 Ice Form                 Ice/Tmut       5%         N/A       78%         4


Dungeon Overview and Level Annotations

Branches:
Dungeon (3/15)

Altars:
Vehumet


Innate Abilities, Weirdness & Mutations

You cannot wear most types of armour.
You are amphibious.
You can wear up to eight rings at the same time.
Your skin changes colour to match your surroundings (Stealth+).
Your rubbery body absorbs attacks. (AC +1, EV +1)
((You are camouflaged near water. (Stealth+)))
You have tentacles for arms and can constrict up to eight enemies at once.


Message History

You howl as the wereblood boils in your veins!
Your tentacle spike disappears.
Your primal bloodlust is almost over.
You flicker back into view.
Your primal bloodlust has ended.
Magic restored.
Your magical contamination has completely faded away.
Done exploring.
You see here a +0 mace.
Done exploring.
(D) Dungeon
Where to? (Enter - D:2, ? - help)
There is an open translucent door here.
You see here a +0 cloak.
You see here a +0 mace.
There is a stone staircase leading down here.
You climb downwards.
Found a runed falchion.
There is a stone staircase leading up here.
A jelly is nearby!
The helpless jelly fails to defend itself.
You tentacle-slap the jelly.
Your tentacles burn!
The jelly is lightly wounded.
You tentacle-slap the jelly.
Your tentacles burn!
The jelly is moderately wounded.
The jelly barely misses you.
You completely miss the jelly.
The jelly is moderately wounded.
The jelly closely misses you.
You bludgeon the jelly! The acid corrodes you!
Your tentacles burn!
The jelly is severely wounded.
The jelly hits you. The acid corrodes you!
You are splashed with acid!
A giant cockroach comes into view.
You barely miss the jelly.
You tentacle-slap the jelly, but do no damage.
Your squeeze misses the jelly.
The jelly is severely wounded.
The jelly hits you.
* * * LOW HITPOINT WARNING * * *
The acid corrodes you!
You are splashed with acid!
You die...

# .##. ....# ..
...... ....
......#####.....
........<.......
.......@........
.......J#...####
.......##..##
....... ....
.)..... .####
....... ##
....... ......B


You could see a jelly and a giant cockroach.

Vanquished Creatures
  Crazy Yiuf (D:2)
  2 adders (D:2)
  4 dart slugs
  8 ball pythons
  5 endoplasms
  2 giant cockroaches (D:2)
  5 goblins
  4 hobgoblins (D:2)
  4 bats
  5 frilled lizards
  5 kobolds
  2 rats (D:1)
47 creatures vanquished.

Vanquished Creatures (others)
  3 plants (D:2)
3 creatures vanquished.

Grand Total: 50 creatures vanquished

Notes
Turn   | Place    | Note
-------+----------+-------------------------------------------
     0 | D:1      | croobank the Octopode Transmuter began the quest for the
                  | Orb.
     0 | D:1      | Reached XP level 1. HP: 13/13 MP: 3/3
   132 | D:1      | Reached XP level 2. HP: 14/18 MP: 5/5
   587 | D:1      | Learned a level 2 spell: Wereblood
   616 | D:1      | Reached skill level 1 in Stealth
   656 | D:1      | Reached XP level 3. HP: 21/23 MP: 6/6
   992 | D:2      | Found a runed translucent door.
   993 | D:2      | Noticed Crazy Yiuf
  1581 | D:2      | Found a faded altar of an unknown god.
  1697 | D:2      | Found a radiant altar of Vehumet.
  1709 | D:2      | Reached skill level 4 in Unarmed Combat
  1717 | D:2      | Reached XP level 4. HP: 24/28 MP: 7/7
  2290 | D:2      | Killed Crazy Yiuf
  2370 | D:3      | Splashed by a jelly's acid

Illustrated notes

Levels and vault maps discovered:
D:1:      scummos_arrival_gate, layout_basic, amcnicky_mini_rare_corridor_liquid
D:2:      layout_basic, basic_altar, dilly_ecumenical_altar_fadedgnrine,
          uniq_crazy_yiuf_cottage
D:3:      layout_rooms, mainiacjoe_overflow_chevrons

Skill      XL: |  1  2  3 |
---------------+----------+-----
Stealth        | 1 2 |  2.8
Unarmed Combat | 4 |  4.2
Fighting       | |  1.1
Dodging        | |  2.4
Spellcasting   | |  2.1
Transmutations | |  2.4

Action                   |  1- 3 |  4- 6 || total
-------------------------+-------+-------++-------
Melee: Unarmed           |    81 |    24 ||   105
       Tentacles         |    17 |     2 ||    19
       Constrict         |    19 |     4 ||    23
       Punch             |     1 |     2 ||     3
       Kick              |       |     2 ||     2
 Cast: Beastly Appendage |     1 |     1 ||     2
       Wereblood         |       |     1 ||     1
  Use: Scroll            |     1 |     2 ||     3
 Stab: Sleeping          |    11 |     4 ||    15
Armor: Skin              |     6 |       ||     6
Dodge: Dodged            |    51 |     9 ||    60

Table legend: (Time is in decaauts)
 A = Elapsed time spent in this place.
 B = Non-inter-level travel time spent in this place.
 C = Inter-level travel time spent in this place.
 D = Time resting spent in this place.
 E = Time spent auto-exploring this place.
 F = Levels seen in this place.
 G = Mean time per level.
                   A        B        C        D        E       F      G
               +--------+--------+--------+--------+--------+-----+--------+
         Total |   2362 |   2324 |     38 |    249 |   1629 |   3 |  787.3 |
       Dungeon |   2362 |   2324 |     38 |    249 |   1629 |   3 |  787.3 |
               +--------+--------+--------+--------+--------+-----+--------+

Top non-repeatable levels by time:
     D:2: 1455 daAuts
     D:1: 902 daAuts
     D:3: 5 daAuts
